 Dungeon Crawl Stone Soup version 0.18.1-50-g88ac8fd (webtiles) character file.

95 magog001 the Skirmisher (level 4, -1/37 HPs)
             Began as a Merfolk Fighter on Nov 14, 2017.
             Slain by a centaur (4 damage)
             ... on level 3 of the Dungeon.
             The game lasted 00:10:08 (2207 turns).

magog001 the Skirmisher (Merfolk Fighter)           Turns: 2207, Time: 00:10:09

Health: -1/37      AC:  7    Str: 17    XL:     4   Next: 65%
Magic:  4/4        EV:  9    Int:  7    God:
Gold:   100        SH:  9    Dex: 13    Spells: 0 memorised, 3 levels left

rFire  + . .     SeeInvis .     p - +0 spear
rCold  . . .     Gourm    .     e - +2 ring mail {rF+}
rNeg   . . .     Faith    .     c - +0 shield
rPois  .         Spirit   .     (no helmet)
rElec  .         Dismiss  .     (no cloak)
rCorr  .         Reflect  .     (no gloves)
SustAt .         Harm     .     (no boots)
MR     .....                    (no amulet)
Stlth  +.........               (no ring)
                                (no ring)

@: not resistant to hostile enchantments, very unstealthy
A: change form in water, swift swim
a: no special abilities


You were on level 3 of the Dungeon.
You were hungry.

You visited 1 branch of the dungeon, and saw 3 of its levels.

You collected 100 gold pieces.

Inventory:

Hand Weapons
 p - a +0 spear (weapon)
 u - a +1 dagger of freezing
Missiles
 j - 6 curare-tipped needles
 t - 15 sling bullets
Armour
 c - a +0 shield (worn)
 e - a +2 ring mail of fire resistance (worn)
Scrolls
 h - 3 scrolls of remove curse
 i - 4 scrolls of teleportation
 l - 2 scrolls of identify
 m - 2 scrolls of magic mapping
Potions
 a - a potion of flight {unknown}
 g - a potion of magic {unknown}
 n - a potion of cancellation
 o - a potion of curing {unknown}
 q - a potion of agility {unknown}
Comestibles
 b - 5 chunks of flesh
 d - a meat ration
 f - a bread ration
 w - a slice of pizza


   Skills:
 + Level 3.7 Fighting
   Level 1.6(1.8) Axes
 * Level 2.2(3.0) Polearms
 * Level 2.8 Armour
 * Level 2.5 Dodging
 * Level 3.2 Shields


You had 3 spell levels left.
You didn't know any spells.

Dungeon Overview and Level Annotations

Branches:
Dungeon (3/15)

Altars:


Message History

The centaur unwields an uncursed shortbow.
The centaur hits you.
* * * LOW HITPOINT WARNING * * *
Items here: )) †† a dagger; a club; an orc corpse; a hobgoblin corpse You hit the centaur but do no damage.
The centaur is lightly wounded.
You block the centaur's attack. The centaur closely misses you.
You hit the centaur but do no damage.
The centaur is lightly wounded.
The centaur hits you.
* * * LOW HITPOINT WARNING * * *
You hit the centaur.
The centaur is moderately wounded.
The centaur hits you but does no damage.
The centaur barely misses you.
You hit the centaur.
The centaur is heavily wounded.
The centaur hits you.
You die...

#.. # #.# .# # #.#
##.##.# #.# .....
##.##.#.### #.........#
####.......#.# ###
#...(.(c####.#...
##.##.##@#.........
.......#(#.##.#....
.....................
.(.............##.#....
#...##.......#.........
#$.. ####.#<...##.#...
#.. #.#.(.....# ### #
#.......# #......##.#


You could see a centaur.

Vanquished Creatures
  An adder (D:2)
  An ooze (D:2)
  4 worms
  2 dart slugs
  An orc (D:3)
  3 giant cockroaches
  7 goblins
  10 hobgoblins
  6 jackals (D:2)
  8 bats
  2 giant newts
  7 kobolds
  6 rats
58 creatures vanquished.

Notes
Turn   | Place    | Note
--------------------------------------------------------------
     0 | D:1      | magog001 the Merfolk Fighter began the quest for the Orb.
     0 | D:1      | Reached XP level 1. HP: 18/18 MP: 1/1
   166 | D:1      | Reached XP level 2. HP: 16/24 MP: 2/2
   527 | D:1      | Reached skill level 1 in Dodging
   744 | D:1      | Reached XP level 3. HP: 29/29 MP: 3/3
  1253 | D:2      | Reached skill level 1 in Polearms
  1266 | D:2      | Reached XP level 4. HP: 18/36 MP: 4/4
  2173 | D:3      | Noticed a centaur
  2207 | D:3      | Slain by a centaur

Skill      XL: |  1  2  3  4 |
---------------+-------------+-----
Dodging        | 1 2 |  2.5
Polearms       | 1 2 |  2.2
Fighting       | |  3.7
Axes           | |  1.6
Armour         | |  2.8
Shields        | |  3.2

Action                   |  1- 3 |  4- 6 || total
-------------------------+-------+-------++-------
Melee: War axe           |    50 |       ||    50
       Spear             |    97 |   120 ||   217
  Use: Potion            |     1 |     1 ||     2
       Scroll            |       |     8 ||     8
  Eat: Chunk             |     1 |     3 ||     4
Armor: Ring mail         |    86 |    34 ||   120
Dodge: Dodged            |    62 |    41 ||   103
Block: Shield            |    91 |    48 ||   139
